 Dungeon Crawl Stone Soup version 0.28.0-43-g3370ac3207 (webtiles) character file.

Game seed: 3147385278878156193

665 Zeld the Conjurer (level 7, -4/51 (57) HPs)
             Began as a Demigod Conjurer on Mar 18, 2022.
             Hit by a boomerang thrown by an orc (8 damage)
             ... on level 5 of the Dungeon.
             The game lasted 00:06:59 (4797 turns).

Zeld the Conjurer (Demigod Conjurer)                Turns: 4797, Time: 00:06:59

HP:   -4/51 (57)    AC:  4    Str:  8    XL:     7   Next: 9%
MP:   4/16          EV: 12    Int: 28    God:
Gold: 170           SH:  0    Dex: 12    Spells: 0/14 levels left

rFire   . . .      SeeInvis .   (no weapon)
rCold   . . .      Faith    .   (no shield)
rNeg    . . .      Spirit   .   a - +0 robe
rPois   .          Reflect  .   (no helmet)
rElec   .          Harm     .   (no cloak)
rCorr   .          Rampage  .   c - +1 pair of gloves
Will    .....                   (no boots)
Stlth   ++........              (no amulet)
HPRegen 0.17/turn               (no ring)
MPRegen 0.15/turn               (no ring)

@: heavily drained
A: high MP 1, forlorn, divine attributes
a: no special abilities


You were on level 5 of the Dungeon.
You visited 1 branch of the dungeon, and saw 5 of its levels.

You collected 170 gold pieces.

Inventory:

Armour
 a - a +0 robe (worn)
 c - a +1 pair of gloves (worn)
Wands
 m - a wand of iceblast (6)
Scrolls
 b - 2 scrolls of amnesia {unknown}
 d - 5 scrolls of identify {unknown}
 e - a scroll of holy word {unknown}
 f - a scroll of fear {unknown}
 g - 3 scrolls of teleportation {unknown}
 j - a scroll of vulnerability {unknown}
Potions
 h - a potion of attraction {unknown}
 i - a potion of haste {unknown}
 k - 2 potions of curing {unknown}
 l - a potion of degeneration {unknown}


   Skills:
 + Level 3.3 Fighting
 - Level 2.0 Dodging
 - Level 2.0 Stealth
 * Level 4.1 Spellcasting
 + Level 5.4 Conjurations
 - Level 2.0 Hexes


You couldn't memorise any spells.
You knew the following spells:

 Your Spells              Type           Power      Damage    Failure   Level
a - Magic Dart            Conj           100%       1d8       1%          1
b - Searing Ray           Conj           72%        2d7       1%          2
c - Dazzling Flash        Conj/Hex       52%        N/A       4%          3
d - Fulminant Prism       Conj/Hex       13%        3d9       16%         4
e - Iskenderun's Mystic   Conj/Tloc      21%        2d6       24%         4

Your spell library contained the following spells:

 Spells                   Type           Power      Damage    Failure   Level
 Tukima's Dance           Hex            16%        N/A       10%         3
 Blink                    Tloc           10%        N/A       11%         2
 Portal Projectile        Hex/Tloc       22%        N/A       14%         3
 Call Canine Familiar     Summ           5%         N/A       22%         3
 Leda's Liquefaction      Hex/Erth       5%         N/A       43%         4
 Passage of Golubria      Tloc           5%         N/A       58%         4
 Yara's Violent Unravell  Hex/Tmut       5%         3d4       80%         5
 Manifold Assault         Tloc           5%         N/A       90%         5
 Storm Form               Tmut/Air       2%         N/A       100%        7


Dungeon Overview and Level Annotations

Branches:
Dungeon (5/15)
 Temple: D:4-7


Innate Abilities, Weirdness & Mutations

You have an increased reservoir of magic. (+10% MP)
You shall have no god before yourself.
Your divine heritage dramatically boosts your attributes as you level up.


Message History

Casting: Searing Ray (safe; 1% risk of failure)
Confirm with . or Enter, or press ? or * to list all spells.
Casting: Dazzling Flash (dangerous; 4% risk of failure)
Press: ? - help, Dir - look around, f - activate The orc is dazzled.
The orc hits you with a +0 short sword.
Unknown command.
Unknown command.
The orc barely misses you.
Casting: Dazzling Flash (dangerous; 4% risk of failure)
Confirm with . or Enter, or press ? or * to list all spells.
Aiming: Searing Ray (safe; 1% risk of failure)
Press: ? - help, Shift-Dir - straight line The searing ray hits the orc.
The orc is lightly wounded.
The searing ray misses the orc. (Press . to maintain the ray.) Unknown command.
The searing ray hits the orc!
You kill the orc!
The searing ray hits something.
The orc hits you with a +4 mace of draining!
You feel drained.
The searing ray hits something!
The orc hits you with a +4 mace of draining.
You feel drained. Something hits you.
The searing ray hits something.
You finish channelling your searing ray.
The orc barely misses you. Something hits you.
The orc hits you with a +4 mace of draining.
* * * LOW HITPOINT WARNING * * *
You feel drained.
* * * LOW HITPOINT WARNING * * *
Something hits you but does no damage.
Unknown command.
The orc closely misses you.
A magic dart appears from out of thin air!
The magic dart hits you.
* * * LOW HITPOINT WARNING * * *
The orc throws a boomerang.
The boomerang hits you!
You die...

#. .... #.#.#####
.#.## #.#.#....
....### #.#....
.#......#
#...#.###........
#..............#
#....#....>.#
#....@..#
#.#..#.o#
#.####{##
#)..)..#
#.....#####.#
#...o.+...'.#
#.....###..##
#..... #.##
#..... #.#


You could see an orc.

Vanquished Creatures
  Grinder (D:3)
  An orc warrior (D:4)
  2 orc priests
  A jelly (D:3)
  2 orc wizards
  8 gnolls
  5 adders
  3 adder skeletons (D:4)
  2 worms
  A dart slug (D:3)
  18 orcs
  5 ball pythons
  6 endoplasms
  2 giant cockroaches (D:1)
  8 goblins
  4 hobgoblins
  4 jackals
  9 kobolds
  3 quokkas
  5 bats
  3 frilled lizards
  3 rats
96 creatures vanquished.

Vanquished Creatures (others)
  2 fulminant prisms
2 creatures vanquished.

Grand Total: 98 creatures vanquished

Notes
Turn   | Place    | Note
-------+----------+-------------------------------------------
     0 | D:1      | Zeld the Demigod Conjurer began the quest for the Orb.
     0 | D:1      | Reached XP level 1. HP: 14/14 MP: 5/5
   387 | D:1      | Reached XP level 2. HP: 20/20 MP: 4/7
   390 | D:1      | Learned a level 2 spell: Searing Ray
   851 | D:2      | Reached skill level 4 in Conjurations
   921 | D:2      | Reached XP level 3. HP: 27/27 MP: 0/8
   936 | D:2      | Learned a level 3 spell: Dazzling Flash
  2130 | D:3      | Reached skill level 1 in Fighting
  2276 | D:3      | Reached XP level 4. HP: 28/35 MP: 1/10
  2382 | D:3      | Reached skill level 1 in Hexes
  2782 | D:3      | Reached XP level 5. HP: 40/40 MP: 5/11
  3227 | D:3      | Noticed Grinder
  3238 | D:3      | Killed Grinder
  3239 | D:3      | Reached skill level 5 in Conjurations
  3239 | D:3      | Reached XP level 6. HP: 12/50 MP: 0/14
  3481 | D:3      | Learned a level 4 spell: Fulminant Prism
  4311 | D:4      | Reached XP level 7. HP: 52/57 MP: 11/16
  4682 | D:5      | Entered Level 5 of the Dungeon
  4720 | D:5      | Learned a level 4 spell: Iskenderun's Mystic Blast
  4797 | D:5      | Hit by a boomerang thrown by an orc

Illustrated notes

Levels and vault maps discovered:
D:1:      ebering_trefoil_twist, layout_rooms
D:2:      layout_basic, basic_altar, basic_ecumenical_altar,
          chequers_serial_rivers_room_a, amethyst_killhole
D:3:      layout_basic, zin_statuary, st_stairs_5, uniq_grinder
D:4:      layout_basic, grunt_temple_overflow_open
D:5:      layout_basic, minmay_temple_entry_large_hall,
          chequers_serial_rivers_large_b

Skill      XL: |  1  2  3  4  5  6 |
---------------+-------------------+-----
Stealth        | 2 |  2.0
Dodging        | 2 |  2.0
Spellcasting   | 2 3 4 |  4.1
Conjurations   | 4 5 |  5.4
Fighting       | 1 2 3 |  3.3
Hexes          | 1 2 |  2.0

Action                   |  1- 3 |  4- 6 |  7- 9 || total
-------------------------+-------+-------+-------++-------
Melee: Unarmed           |    12 |     3 |     4 ||    19
 Cast: Magic Dart        |    79 |    30 |     7 ||   116
       Searing Ray       |     4 |    19 |     5 ||    28
       Dazzling Flash    |     1 |     2 |     2 ||     5
       Fulminant Prism   |       |     2 |       ||     2
Armor: Robe              |    12 |     8 |     2 ||    22
Dodge: Dodged            |    24 |    33 |    14 ||    71
